[Event "Presidents Day IM-Norm 2024"]
[Site "Santa Clara"]
[Date "2024.02.17"]
[Round "3.3"]
[White "Vatsal Singhania"]
[Black "Yim, Sung Ho"]
[Result "1/2-1/2"]
[ECO "C54"]
[WhiteElo "2252"]
[BlackElo "2243"]
[Annotator "TA"]
[PlyCount "73"]
[EventDate "2024.02.13"]
[EventType "tourn"]
[EventCountry "USA"]
[SourceTitle "playchess.com"]
[Source "ChessBase"]
[SourceQuality "1"]
[TimeControl "5400+30"]

1. e4 e5 2. Nf3 Nc6 3. Bc4 Bc5 4. O-O Nf6 5. d3 d6 6. c3 a6 7. Bb3 Ba7 8. Nbd2 O-O 9. Re1 h6 10. Nf1 Re8 11. Be3 Be6 12. Bxa7 {[%emt 0:00:25] [#] And now Bxe6 would win.} Rxa7 {[%emt 0:00:46] White has an edge.} 13. Ng3 d5 14. Qe2 (14. d4 {is interesting.} dxe4 15. Nxe4 Nxe4 16. d5) 14... Ra8 15. h3 dxe4 16. dxe4 Qe7 17. Qe3 Rad8 18. Bxe6 Qxe6 19. Nf5 Ne7 20. N3h4 Nxf5 21. Nxf5 Kh7 22. g4 (22. b3 $11 {keeps the balance.}) 22... Ng8 23. Qc5 Rd7 24. Rad1 Red8 25. Rxd7 Rxd7 26. b3 Ne7 (26... Qf6 $15) 27. Nxe7 $1 $11 Qxe7 28. Qxe7 Rxe7 {[%emt 0:00:07][%mdl 4096] Endgame. KR-KR} 29. Rd1 {[%emt 0:00:03] Prevents Rd7.} Kg6 30. Kg2 Kf6 31. Kf3 Ke6 32. c4 Rd7 {[%emt 0:02:00] The position is equal.} 33. Rd5 b6 34. b4 c6 35. Rxd7 Kxd7 36. c5 b5 37. h4 {[%emt 0:00:11] Weighted Error Value: White=0.14 (very precise) /Black=0.12 (very precise) .  Mistake:       	White=1     	Black=1      Inaccurate:     	White=3     	Black=4      OK:         	White=5     	Black=7      Strong:       	White=1     	---} 1/2-1/2

[Event "Presidents Day IM-Norm 2024"]
[Site "Santa Clara"]
[Date "2024.02.17"]
[Round "3.4"]
[White "Guo, Ethan"]
[Black "Cardoso Cardoso, Jose Gabriel"]
[Result "0-1"]
[ECO "B90"]
[WhiteElo "2099"]
[BlackElo "2477"]
[Annotator "TA"]
[PlyCount "76"]
[EventDate "2024.02.13"]
[EventType "tourn"]
[EventCountry "USA"]
[SourceTitle "playchess.com"]
[Source "ChessBase"]
[SourceQuality "1"]
[TimeControl "5400+30"]

1. e4 c5 2. Nf3 d6 3. d4 cxd4 4. Nxd4 Nf6 5. Nc3 a6 6. h3 e5 7. Nde2 h5 8. Ng1 Be7 9. Nf3 Qc7 {[%emt 0:00:30] The position is equal.} 10. Ng5 Nbd7 11. a4 Nc5 12. Bc4 Ne6 13. Bb3 h4 14. O-O Bd7 15. Be3 O-O 16. Nxe6 Bxe6 17. Bg5 Nh7 18. Bxe7 Qxe7 19. Nd5 Bxd5 20. Bxd5 Nf6 21. c3 Rac8 22. Re1 g6 23. Bb3 Kg7 24. Qf3 Nh5 25. Rad1 Nf4 26. Qg4 Rh8 27. Re3 Rc7 28. Rf3 Rh5 29. Rxf4 exf4 30. Qxf4 Re5 31. Bd5 (31. f3 $11) 31... f5 (31... Qg5 $1 $15 32. Qg4 Qe7 (32... Qxg4 33. hxg4 g5 34. Kf1 $11)) 32. exf5 (32. f3 $1 $11) 32... Rxf5 ({Black should try} 32... Re1+ $15 33. Rxe1 Qxe1+ 34. Kh2 Qe5 35. Qxe5+ dxe5 36. fxg6 Kxg6) 33. Qd4+ $11 Kh7 34. Qg4 (34. f3 $11) 34... Qf6 $36 {[%emt 0:00:00][%mdl 2048] Black has the initiative.} 35. Rd4 (35. Be4 $15 Re5 36. Kh2) 35... Kg7 $17 36. Bf3 Re7 {[%emt 0:00:00] White must now prevent ...Re1+.} 37. Qxh4 $2 {[%emt 0:00:00][%mdl 8192] [#]} (37. Kf1 $17) 37... Re1+ $1 $19 38. Kh2 {[%emt 0:00:00] [#]} Rxf3 $1 {[%emt 0:00:00] Weighted Error Value: White=0.36/Black=0.11 (very precise) .  Loses game:     	White=2     	---        Mistake:       	White=4     	Black=2      Inaccurate:     	White=3     	Black=2      OK:         	White=6     	Black=9      Best:        	---       	Black=2      Strong:       	---       	Black=1} ({Stronger than} 38... Qxh4 39. Rxh4 b5 40. Rd4 $11) 0-1

[Event "Presidents Day IM-Norm 2024"]
[Site "Santa Clara"]
[Date "2024.02.17"]
[Round "3.5"]
[White "Liu, Patrick"]
[Black "Stevens, Adam B"]
[Result "1/2-1/2"]
[ECO "D23"]
[WhiteElo "2130"]
[BlackElo "1878"]
[Annotator "RC"]
[PlyCount "83"]
[EventDate "2024.02.13"]
[EventType "tourn"]
[EventCountry "USA"]
[SourceTitle "playchess.com"]
[Source "ChessBase"]
[SourceQuality "1"]
[TimeControl "5400+30"]

1. d4 d5 2. Nf3 Nf6 3. c4 c6 4. Qc2 dxc4 5. Qxc4 Bf5 6. g3 e6 7. Bg2 Nbd7 8. O-O Be7 9. e3 O-O 10. Rd1 h6 11. Qe2 Ne4 12. Ne1 Qb6 13. Nc3 Ndf6 14. f3 Nxc3 15. bxc3 Bh7 16. e4 c5 17. Be3 Rac8 18. Rab1 Qc6 19. Nd3 cxd4 20. cxd4 b6 21. Rdc1 Qb7 22. Qb2 Qa6 23. Qb3 Ba3 24. Rd1 Be7 25. Bf1 Qa3 26. Rdc1 Nd7 27. Bd2 Qd6 28. Bb4 Qxd4+ 29. Kh1 Bxb4 30. Nxb4 Rxc1 31. Rxc1 Nc5 32. Qa3 Qd7 33. Nd3 Nxd3 34. Bxd3 Bg6 35. Kg2 Rd8 36. Rc3 Qd4 37. Qb3 Qe3 38. Qc2 Qd4 39. Ra3 Qd6 40. Rc3 Qd4 41. Ra3 Qd6 42. Rc3 1/2-1/2

[Event "Presidents Day IM-Norm 2024"]
[Site "Santa Clara"]
[Date "2024.02.18"]
[Round "4.1"]
[White "Yan, Nathan"]
[Black "Stevens, Adam B"]
[Result "1-0"]
[ECO "B90"]
[WhiteElo "2311"]
[BlackElo "1878"]
[Annotator "TA"]
[PlyCount "103"]
[EventDate "2024.02.13"]
[EventType "tourn"]
[EventCountry "USA"]
[SourceTitle "playchess.com"]
[Source "ChessBase"]
[SourceQuality "1"]
[TimeControl "5400+30"]

1. e4 c5 2. Nf3 d6 3. d4 cxd4 4. Nxd4 Nf6 5. Nc3 a6 6. f3 e5 7. Nb3 Be6 8. Be3 h5 9. Qd2 Nbd7 10. O-O-O Rc8 11. Bd3 Be7 12. Kb1 b5 13. h3 {[%emt 0:00:00] Die Stellung ist ausgeglichen.} h4 14. f4 Qc7 15. Rhe1 O-O 16. f5 Bc4 17. g4 hxg3 {[%emt 0:00:53] Droht ...a5 und aus.} 18. Rg1 b4 19. Nd5 Nxd5 (19... Bxd5 20. exd5 Nh5 21. Bxa6) 20. exd5 Bh4 21. Bg5 Bxd3 22. cxd3 Bxg5 23. Qxg5 f6 $1 24. Qxg3 Nb6 (24... Qc2+ $2 25. Ka1 $18) 25. h4 a5 {[%emt 0:00:44] ...a4 wäre nun fies.} 26. Rc1 {[%emt 0:00:00] Tanz auf der Rasierklinge.} Qf7 27. h5 (27. Rc6 Nxd5 28. Rxd6 Nf4 $17) 27... Rxc1+ (27... Qxd5 28. Qxg7#) (27... Nxd5 $6 28. h6 Rxc1+ 29. Nxc1 $16) 28. Nxc1 {[%emt 0:00:00] Zielt auf h6 ab.} Qd7 (28... Nxd5 $2 29. h6 Qd7 30. Qg2 $16 (30. Qxg7+ Qxg7 31. Rxg7+ Kh8 $19)) (28... Kh7 $11) 29. h6 $14 {[%emt 0:00:00] Schwarz muss nun Qf2 beachten.} Rf7 $1 30. Qf3 Qb7 $1 31. Qh5 {[%emt 0:00:00] jetzt hxg7 und aus.} Qd7 (31... Qe7 $1 $11 {bleibt in der Remisbreite.}) 32. Rh1 (32. Rxg7+ $16 Rxg7 33. hxg7 Qxg7 34. Qe8+ Kh7 35. Qc6) 32... Qe7 (32... gxh6 $14 33. Qxh6 Rh7 34. Qg6+ Rg7 35. Qxf6 Nxd5) 33. hxg7 $16 Rxg7 34. Qf3 (34. Qh8+ $16 Kf7 35. Qb8) 34... Qb7 35. Rh6 $40 {[%emt 0:00:00][%cal Of3h5][%mdl 128] Weiss startet einen Angriff.} (35. Qh5 $5 Qd7 $8 36. Nb3 $16) 35... Qf7 (35... Nxd5 36. Qh5 Kf8 37. Rh8+ Rg8 38. Rh7) (35... Rg5 $1 $11) 36. Qh1 $1 (36. Qh3 Rh7 $15) 36... Kf8 (36... Nxd5 37. Rh8#) 37. Rh8+ $1 Rg8 (37... Ke7 $14) 38. Rh7 Rg7 39. Qh6 {[%emt 0:00:00] Und jetzt Ne2 wäre schön.} (39. Rh8+ Ke7 $15) 39... Nxd5 40. Rh8+ $1 Ke7 41. Ra8 (41. Qh1 $1 $16) 41... Nb6 (41... Nc7 $1 $14 42. Ra7 Kd7) 42. Ra7+ {[%emt 0:00:00][%mdl 1024] Weiss hat starke Kompensation.} (42. Rxa5 Qg8 $14) 42... Nd7 {[%emt 0:00:06] [#]} 43. Qh1 $1 {[%emt 0:00:00] Verhindert Rg1. Weiß steht aktiver.} Rg8 {[%emt 0:04:25] Pariert Qb7.} 44. Qc6 (44. Qb7 $6 Rd8 $11) (44. Rc7 $16 {Und Nb3 würde nun gewinnen.} a4 45. Qc6) 44... Rd8 $1 $11 45. Nb3 Qh5 {[%emt 0:00:55] Gegen Qh1 gerichtet.} 46. Ra6 {[%emt 0:00:00] [#]} (46. Qd5 $11 Qxf5 47. Nxa5 (47. Nd2 $2 Qf2 $19)) 46... Nf8 (46... Qxf5 $6 47. Qxd6+ Ke8 (47... Kf7 48. Rxa5 Rh8 49. Nc1 $14) 48. Qd5 $11 (48. Rxa5 $2 Nb8 $17) (48. Nxa5 $2 Qf1+ 49. Kc2 Nc5 $19)) (46... Qd1+ $6 47. Nc1 Nc5 48. Rxa5 Nxd3 49. Ra7+ Kf8 50. Ra8 Rxa8 51. Qxa8+ Kg7 52. Qg2+ Kf8 53. Qa8+ Kg7 54. Qg2+ Kf8 55. Qa8+ $11) ({Vorzuziehen ist} 46... Nc5 $1 $17 47. Rxa5 Nxd3 (47... Qd1+ 48. Nc1 $11)) 47. Qc4 Qxf5 48. Nxa5 Qf1+ $2 {[%emt 0:01:39][%mdl 8192] Das kostet Schwarz die Partie.} (48... Ne6 $11 {und Schwarz steht sicher.} 49. Nc6+ (49. Qxb4 $2 {zu gefräßig.} Qxd3+ 50. Kc1 Qxa6 $19) 49... Ke8) 49. Kc2 $18 {[%emt 0:00:00] Nc6+ ist eine echte Drohung.} Qe2+ 50. Kb3 Qd1+ $2 (50... Nd7 51. Ra7 (51. Qxb4 $2 {verliert.} Qxd3+ 52. Qc3 Nc5+ 53. Ka3 Qxa6 $19) (51. Nc6+ Kf8 $18) 51... Qd1+ 52. Kxb4 Rb8+ 53. Ka3 Rb6) 51. Kxb4 Rb8+ 52. Ka3 {[%emt 0:00:00] Gewichteter Fehlerwert: Weiß=0.18 (sehr präzise) /Schwarz=0.33.  Verlustzug:     	---       	Schwarz=1     Fehler:       	Weiß=5     	Schwarz=8     Ungenau:       	---       	Schwarz=2     OK:         	Weiß=10    	Schwarz=12    Bester:       	Weiß=8     	Schwarz=8     Stark:        	Weiß=4     	Schwarz=4} 1-0

[Event "Presidents Day IM-Norm 2024"]
[Site "Santa Clara"]
[Date "2024.02.17"]
[Round "4.2"]
[White "Cardoso Cardoso, Jose Gabriel"]
[Black "Liu, Patrick"]
[Result "1-0"]
[ECO "B48"]
[WhiteElo "2477"]
[BlackElo "2130"]
[Annotator "TA"]
[PlyCount "119"]
[EventDate "2024.02.13"]
[EventType "tourn"]
[EventCountry "USA"]
[SourceTitle "playchess.com"]
[Source "ChessBase"]
[SourceQuality "1"]
[TimeControl "5400+30"]

1. e4 c5 2. Nf3 e6 3. d4 cxd4 4. Nxd4 Nc6 5. Nc3 Qc7 6. Be3 a6 7. Qf3 Nf6 8. O-O-O Ne5 9. Qg3 {[%emt 0:00:00] White is slightly better.} b5 10. a3 Bb7 {[%emt 0:05:49] [#]} 11. Bxb5 $1 {[%emt 0:00:00] aiming for Ba4.} Rc8 $1 ({Reject} 11... axb5 $6 12. Ndxb5 Qb8 13. Bb6 $16) 12. Ba4 Neg4 {[%emt 1:20:04] [#]} (12... Nxe4 $11 {keeps the balance.} 13. Nxe4 Bxe4) 13. e5 $1 $36 {[%emt 0:02:30][%mdl 2048] White is in control.} Nxe5 14. Bf4 Nh5 15. Nxe6 fxe6 16. Bxe5 Nxg3 17. Bxc7 Rxc7 18. hxg3 Bc5 19. f3 Ke7 20. Ne2 g5 21. g4 d5 (21... h6 $16 22. Rh5 Kf6) 22. Rh6 $18 Bc8 23. Nd4 ({White should try} 23. Rdh1 $18) 23... Kf7 $16 24. c3 Bf8 25. Rhh1 {[%emt 0:00:00] White has more active pieces.} Bg7 26. Kb1 h6 27. Rd2 Rd8 28. Bb3 Rb7 {[%emt 0:00:00] Strongly threatening ...Bxd4.} 29. Ba2 Rd6 30. g3 Kg6 31. Ka1 e5 {[%emt 0:00:00] [#]} (31... Rc7 $16 32. Re2 e5) 32. Nf5 $1 $18 Bxf5 33. gxf5+ Kxf5 34. Bxd5 {[%emt 0:00:00] Be4+ is the strong threat.} Rc7 (34... Rbd7 {keeps fighting.} 35. c4 Rc7) 35. Be4+ Ke6 36. Rxd6+ Kxd6 {[%emt 0:12:00][%mdl 4096] Endgame. KRB-KRB} 37. Rd1+ Ke7 38. g4 Rd7 $2 (38... a5 39. Rd5 a4) 39. Rxd7+ Kxd7 {[%emt 0:00:00] KB-KB} 40. b4 a5 41. Kb2 Bf8 42. Kb3 {[%emt 0:00:00] And now c4 would win.} Kc7 43. c4 axb4 44. axb4 Kb6 45. c5+ Kb5 46. Bd3+ Kc6 47. Kc4 {[%emt 0:00:00] White mates.} Be7 48. b5+ Kb7 49. Be4+ Kc7 50. b6+ Kc8 51. c6 Bd8 52. Bf5+ Kb8 53. Kb5 e4 54. fxe4 h5 55. gxh5 g4 56. Bxg4 Bc7 57. bxc7+ Kxc7 58. e5 Kb8 59. Kb6 Ka8 60. Bd7 {[%emt 0:00:00] Weighted Error Value: White=0.05 (flawless) /Black=0.22 (precise) .  Mistake:       	White=1     	Black=5      Inaccurate:     	White=1     	Black=1      OK:         	White=20    	Black=10     Best:        	White=2     	Black=6      Strong:       	---       	Black=1} 1-0

[Event "Presidents Day IM-Norm 2024"]
[Site "Santa Clara"]
[Date "2024.02.17"]
[Round "4.3"]
[White "Yim, Sung Ho"]
[Black "Guo, Ethan"]
[Result "1-0"]
[ECO "E14"]
[WhiteElo "2243"]
[BlackElo "2099"]
[Annotator "TA"]
[PlyCount "87"]
[EventDate "2024.02.13"]
[EventType "tourn"]
[EventCountry "USA"]
[SourceTitle "playchess.com"]
[Source "ChessBase"]
[SourceQuality "1"]
[TimeControl "5400+30"]

1. d4 Nf6 2. c4 e6 3. Nf3 Bb4+ 4. Nbd2 b6 5. a3 Bxd2+ 6. Qxd2 Bb7 7. e3 O-O 8. Be2 d5 9. O-O dxc4 10. Bxc4 Nbd7 {[%emt 0:00:03] The position is equal.} 11. b4 a5 12. b5 c5 13. bxc6 Bxc6 14. Bb2 b5 (14... Bxf3 $5 15. gxf3 Ne5 $11) 15. Bd3 Qb6 16. Qe2 Ne4 17. Rfc1 {[%emt 0:12:47] Qc2 would now be deadly.} f5 {[%emt 0:09:15] [#]} 18. d5 Bxd5 $14 19. Bxb5 Qb7 (19... Ndc5 $14) 20. Rab1 (20. Ne5 $16 Nec5 21. Nxd7 Nxd7 22. a4) 20... Rfc8 21. Bd4 (21. Rxc8+ $16 Qxc8 (21... Rxc8 $2 22. Ba6 $18) 22. Rc1) 21... Rxc1+ 22. Rxc1 Rc8 (22... Ndc5 $11) 23. Rxc8+ $16 Qxc8 24. Qb2 {[%emt 0:02:33][%cal Ob5d7] Strongly threatening Bxd7!} Nd6 25. Be2 {[%emt 0:02:01] A strong pair of Bishops.} ({Stronger than} 25. Bxg7 Nxb5 26. Bh8 e5 27. Nxe5 Nxe5 (27... Kxh8 $2 28. Nf7+ Kg8 29. Nh6+ Kf8 30. Qh8+ Ke7 31. Nxf5+ Kf7 32. Qxc8 $18) 28. Bxe5 Qc6 $17) 25... g6 26. Bh8 Ne8 {[%emt 0:02:20] Prevents Qg7+.} (26... Qf8 $1 $14) 27. Bc3 Qc7 28. Qd2 Qc5 29. a4 Nd6 {[%emt 0:02:34] Hoping for ...Ne4.} 30. Bxa5 {[%emt 0:02:24] And now Bb4 would win.} Nc4 31. Bxc4 Qxc4 32. Bb4 Nc5 (32... Qa2 $16 {keeps fighting.}) 33. Bxc5 $1 $18 Qxc5 {[%emt 0:00:14][%mdl 4096] Endgame. KQB-KQN} 34. Qb2 {[%emt 0:01:40] Prevents Qa3.} Qc6 (34... Bb3 $16 35. Nd4 (35. Qxb3 $2 {leads to mate.} Qc1+) 35... Bxa4 36. Nxe6 Qe7) 35. Ne5 Qxa4 $2 (35... Qc7 36. h4 Bb7) 36. Qb8+ Kg7 37. Qc7+ Kh6 {[%emt 0:06:14][%cal Ra4d1] [#]} 38. h3 $2 (38. Nf7+ $1 $18 {is the precise move to win.} Kh5 39. Qc1) 38... Qe4 $2 (38... g5 $16) 39. Nf7+ Kh5 40. Qg3 h6 {[%emt 0:00:34] [#] Prevents Qg5+.} 41. f4 (41. Nh8 $1 $18 Qxg2+ (41... g5 $2 42. Kh2 $18) 42. Qxg2 Bxg2 43. Kxg2) 41... Qb1+ $2 (41... Qc2 $11) 42. Kh2 {[%emt 0:00:00] White wants to mate with Ne5.} Qf1 43. Ne5 g5 {[%emt 0:00:33] [#]} 44. Qg4+ $3 {[%emt 0:00:31][%mdl 33280] Weighted Error Value: White=0.41/Black=0.64.  Mistake:       	White=3     	Black=6      Inaccurate:     	White=1     	Black=6      OK:         	White=12    	Black=7      Best:        	White=6     	Black=3      Strong:       	White=1     	---       . Loss on time!?} 1-0

[Event "Presidents Day IM-Norm 2024"]
[Site "Santa Clara"]
[Date "2024.02.17"]
[Round "4.4"]
[White "Rodi, Luis Ernesto"]
[Black "Vatsal Singhania"]
[Result "0-1"]
[ECO "B57"]
[WhiteElo "2196"]
[BlackElo "2252"]
[Annotator "RC"]
[PlyCount "70"]
[EventDate "2024.02.13"]
[EventType "tourn"]
[EventCountry "USA"]
[SourceTitle "playchess.com"]
[Source "ChessBase"]
[SourceQuality "1"]
[TimeControl "5400+30"]

1. e4 c5 2. Nf3 d6 3. d4 cxd4 4. Nxd4 Nf6 5. Nc3 Nc6 6. Bc4 Qb6 7. Nb3 a6 8. O-O e6 9. a4 Qc7 10. a5 Nb4 11. Be2 d5 12. exd5 Nbxd5 13. Nxd5 Nxd5 14. Bf3 Bd6 15. g3 O-O 16. Qe2 Nb4 17. c4 e5 18. Be3 Be6 19. Rfc1 Rac8 20. Bb6 Qe7 21. Rc3 f5 22. Bg2 Nc6 23. Rcc1 Kh8 24. Rd1 e4 25. Rac1 Ne5 26. c5 Bxb3 27. cxd6 Qd7 28. Bc7 Bxd1 29. Qxd1 Nd3 30. Rc3 Rf6 31. Qb3 Re8 32. Qd5 f4 33. Bxe4 fxg3 34. Rxd3 gxf2+ 35. Kf1 Qg4 0-1

[Event "Presidents Day IM-Norm 2024"]
[Site "Santa Clara"]
[Date "2024.02.17"]
[Round "4.5"]
[White "Bansal, Advay"]
[Black "Raja Harshit"]
[Result "1/2-1/2"]
[ECO "B72"]
[WhiteElo "2253"]
[BlackElo "2508"]
[Annotator "TA"]
[PlyCount "87"]
[EventDate "2024.02.13"]
[EventType "tourn"]
[EventCountry "USA"]
[SourceTitle "playchess.com"]
[Source "ChessBase"]
[SourceQuality "1"]
[TimeControl "5400+30"]

1. e4 c5 2. Nf3 d6 3. d4 cxd4 4. Nxd4 Nf6 5. Nc3 a6 6. Bd3 g6 7. f3 Bg7 8. Be3 Nbd7 9. Qd2 b5 10. a4 b4 11. Na2 d5 $1 12. exd5 Nxd5 13. Nxb4 Nxe3 14. Qxe3 {[%emt 0:00:15] Threatens to win with Ndc6.} O-O 15. c3 {[%emt 0:06:35] Black is weak on the light squares} Qc7 (15... Bb7 $11) 16. O-O (16. Nd5 $16 Qd6 17. Nxe7+ Kh8 18. Nxc8 Rfxc8 19. O-O) 16... Bb7 (16... e6 $11) 17. a5 (17. Qxe7 $16 Rfe8 18. Qh4) 17... Nc5 $11 18. Bc4 e6 19. Nb3 Nxb3 20. Bxb3 Be5 21. f4 Bd6 {[%emt 0:00:09] This pair of bishops is nice.} 22. Kh1 Rfd8 23. Nd3 {[%emt 0:10:10] [#]} (23. Rad1 $11) 23... Bxg2+ $1 $17 24. Kxg2 Qb7+ 25. Qf3 Qxb3 26. Rf2 Bc7 (26... Ra7 $17 27. Qc6 Qb8) 27. Nb4 $15 Rac8 (27... Kf8 $15) 28. Qe2 $1 $11 e5 29. fxe5 $14 Re8 ({Black should try} 29... Qe6 $14) 30. Qxa6 $16 Bxe5 31. Qb7 Qe6 32. a6 {[%emt 0:00:51] Active counter play!} (32. Qd5 $18 {and White stays clearly on top.}) 32... Bd6 33. a7 Bc5 $1 34. Rff1 {[%emt 0:03:25][%cal Oa1e1] Rae1! would now be deadly. The board is on fire.} (34. a8=B $2 Qg4+ 35. Kf1 Bxf2 36. Kxf2 Re2+ 37. Kf1 Rxb2 $19) (34. a8=Q Rxa8 35. Rxa8 Qg4+ 36. Kf1 (36. Kh1 Bxf2 37. Rxe8+ Kg7 $19) 36... Qh3+ 37. Kg1 Bxf2+ 38. Kxf2 Qe3+ (38... Qxh2+ 39. Kf1 $11) 39. Kf1 Qc1+ 40. Kg2 Qxb2+ 41. Kh1 Qc1+ 42. Kg2 Qd2+ 43. Kf1 Qe2+ 44. Kg1 Qe3+ 45. Kg2 Qd2+ 46. Kf1 Qe2+ 47. Kg1 Qe1+ 48. Kg2 Qe2+ 49. Kg1 $11) 34... Rcd8 {[%emt 0:03:53] ( -> ...Rd2+)} 35. Kh1 ({But not} 35. a8=R Rd2+ 36. Kh1 Rxh2+ 37. Kxh2 Qe5+ 38. Kh3 Qh5+ 39. Kg3 Qg5+ 40. Kh3 Qh5+ 41. Kg3 Qg5+ 42. Kh3 Qh6+ 43. Kg2 Qg5+ 44. Kh3 $11) ({Better is} 35. Qf3 $1 $14 Qe2+ 36. Qxe2 Rxe2+ 37. Kf3 Re3+ 38. Kf4) 35... Rd2 $2 {[%emt 0:02:00][%mdl 8192] [#]} (35... Ra8 $11 {and Black is okay.}) 36. Qf3 $1 $18 (36. a8=B {gets mated.} Rxh2+ (36... Bd6 37. Qf3 $11) 37. Kxh2 Qe5+ 38. Kh3 Qh5+ 39. Kg3 Qg5+ 40. Kh3 Qh6+ 41. Kg4 f5+) 36... Bxa7 37. Rxa7 Rf8 38. Rf2 $2 (38. b3 $18) 38... Rxf2 $1 $11 {[%emt 0:00:43] The position is equal.} 39. Qxf2 {[%emt 0:00:02] Hoping for Ra1.} Qe4+ 40. Kg1 {[%emt 0:00:22] aiming for Ra1.} Qg4+ 41. Kf1 {[%emt 0:01:02] Strongly threatening Re7.} Qd1+ $1 42. Qe1 Qf3+ 43. Kg1 {[%emt 0:00:45] Re7 is the strong threat.} Qg4+ $1 44. Kh1 {[%emt 0:00:49] Weighted Error Value: White=0.33/Black=0.25 (precise) .  Loses game:     	---       	Black=1      Missed win:     	White=1     	---        Mistake:       	White=5     	Black=6      Inaccurate:     	White=3     	---        OK:         	White=12    	Black=12     Best:        	White=2     	Black=4      Strong:       	White=2     	Black=5      Brilliant:      	---       	Black=1} 1/2-1/2

[Event "Presidents Day IM-Norm 2024"]
[Site "Santa Clara"]
[Date "2024.02.18"]
[Round "5.1"]
[White "Raja Harshit"]
[Black "Yan, Nathan"]
[Result "1/2-1/2"]
[ECO "C78"]
[WhiteElo "2508"]
[BlackElo "2311"]
[Annotator "TA"]
[PlyCount "80"]
[EventDate "2024.02.13"]
[EventType "tourn"]
[EventCountry "USA"]
[SourceTitle "playchess.com"]
[Source "ChessBase"]
[SourceQuality "1"]
[TimeControl "5400+30"]

1. e4 e5 2. Nf3 Nc6 3. Bb5 a6 4. Ba4 Nf6 5. O-O b5 6. Bb3 Bc5 7. c3 d6 8. d4 Bb6 9. a4 Rb8 10. a5 Ba7 11. h3 Bb7 12. Be3 Nxe4 13. Nbd2 (13. d5 {keeps more tension.} Bxe3 14. dxc6 Nxf2 15. Qe2) 13... Nxd2 14. Qxd2 O-O $1 15. dxe5 Bxe3 16. Qxe3 Nxe5 17. Nxe5 dxe5 18. Qxe5 Re8 19. Qf4 Re7 20. Rad1 Qe8 21. Qf5 Qc6 22. Bd5 Qg6 ({Better is} 22... Qe8 $14) 23. Qf4 {[%emt 0:02:47] White is more active.} (23. Qxg6 $16 hxg6 24. Bxb7 Rxb7 25. Rd8+ Kh7 26. b3) 23... Bxd5 $11 24. Rxd5 Rbe8 25. Rc5 Qd3 {[%emt 0:01:57][%cal Od3f1] [#] White must now prevent ...Qxf1+!} 26. Rc1 (26. Rxc7 $2 {is the wrong capture.} Qxf1+ 27. Kh2 Rxc7 28. Qxc7 Qxf2 $19) 26... Qd7 {[%emt 0:03:57] Prevents Rc6.} 27. Kh2 h6 28. b4 c6 29. Qf3 Re6 30. Rd1 Rd6 31. Rxd6 Qxd6+ 32. Qg3 Qxg3+ 33. Kxg3 {[%emt 0:00:03][%mdl 4096] Endgame. KR-KR} Re6 34. Kf4 {[%emt 0:00:09] Threatening Re5.} Kf8 35. Re5 {[%emt 0:01:41] [#] Threatens to win with Rxe6.} Rd6 ({Black should play} 35... Ke7 $11) 36. h4 ({White should try} 36. Ke3 $14) 36... Rd3 $1 37. Re3 (37. Rc5 $5 Rd6 $8 38. c4 $11) 37... Rd2 {[%emt 0:01:14] The position is equal.} 38. Kf3 Rd5 39. g4 Rd2 40. h5 c5 {[%emt 0:02:41] Weighted Error Value: White=0.18 (very precise) /Black=0.11 (very precise) .  Mistake:       	White=2     	Black=2      Inaccurate:     	White=3     	Black=2      OK:         	White=5     	Black=13     Best:        	White=1     	Black=2      Strong:       	---       	Black=2} 1/2-1/2

[Event "Presidents Day IM-Norm 2024"]
[Site "Santa Clara"]
[Date "2024.02.18"]
[Round "5.2"]
[White "Vatsal Singhania"]
[Black "Bansal, Advay"]
[Result "0-1"]
[ECO "B92"]
[WhiteElo "2252"]
[BlackElo "2253"]
[Annotator "TA"]
[PlyCount "48"]
[EventDate "2024.02.13"]
[EventType "tourn"]
[EventCountry "USA"]
[SourceTitle "playchess.com"]
[Source "ChessBase"]
[SourceQuality "1"]
[TimeControl "5400+30"]

1. e4 c5 2. Nf3 d6 3. d4 cxd4 4. Nxd4 Nf6 5. Nc3 a6 6. Be2 e5 7. Nf3 Be7 8. Bg5 Be6 9. Bxf6 Bxf6 10. O-O O-O 11. Qd2 Qc7 12. Rfd1 Be7 13. a4 {[%emt 0:00:00] The position is equal.} Nd7 14. Ng5 Nf6 15. Nxe6 fxe6 16. b3 $2 {[%emt 0:00:00] [#]} (16. Qd3 $11) 16... Kh8 (16... d5 $1 $19 {And now ...Bb4 would win.} 17. exd5 Bb4) 17. Qe3 (17. Bf3 $17) 17... Rac8 $19 18. Bc4 $2 (18. Nb1) 18... Ng4 $1 19. Qe2 Nxf2 {[%emt 1:04:59] ...Qc5 is the strong threat. White is weak on the dark squares} (19... Rxf2 $2 20. Qxg4 Rxc2 21. Ne2 $18 (21. Bxe6 Qb6+ 22. Kh1 R8xc3 $14)) 20. Rf1 d5 (20... Bh4 21. g3 Qa5 22. Na2 $11) 21. exd5 (21. Rxf2 $142 Bc5 (21... dxc4 $2 22. Rxf8+ Rxf8 23. Na2 $19) 22. Nd1 Bxf2+ (22... dxc4 $2 23. b4 $19) 23. Nxf2 dxc4 24. b4) 21... Bc5 {[%emt 0:00:00] Black is clearly winning.} 22. d6 Qxd6 ({Stronger than} 22... Bxd6 23. Rxf2 Rxf2 24. Kxf2 $14 (24. Qxf2 $2 {loses.} Bc5 $19)) 23. Na2 e4 {[%emt 0:00:00] [#] ( -> ...Ng4+)} 24. g3 e3 {[%emt 0:00:00] Weighted Error Value: White=1.21/Black=0.11 (very precise) .  Loses game:     	White=1     	---        Mistake:       	White=3     	Black=1      Inaccurate:     	White=1     	---        OK:         	White=5     	Black=6      Best:        	---       	Black=1} 0-1